 Dungeon Crawl Stone Soup version 0.21.0-3-g78d12a8 (webtiles) character file.

288601 rabbitfr the Slayer (level 20, -6/100 HPs)
             Began as a Gargoyle Fighter on Jan 13, 2018.
             Was the Champion of Makhleb.
             Mangled by a starcursed mass (7 damage)
             ... on level 3 of the Abyss on Jan 14, 2018.
             The game lasted 04:14:57 (51359 turns).

rabbitfr the Slayer (Gargoyle Fighter)             Turns: 51359, Time: 04:14:59

Health: -6/100     AC: 45    Str: 33    XL:     20   Next: 69%
Magic:  18/31      EV: 10    Int:  9    God:    Makhleb [******]
Gold:   2074       SH: 19    Dex:  5    Spells: 19/19 levels left

rFire    . . .     SeeInvis +   a - +8 whip "Dialux" {slash, Int+4}
rCold    + . .     Gourm    +   c - +5 shield
rNeg     + . .     Faith    .   L - +7 plate armour "Hiran" {SInv}
rPois    ∞         Spirit   .   l - +2 helmet
rElec    +         Reflect  .   N - +2 cloak
rCorr    .         Harm     .   x - +1 pair of gloves of Regh {rPois Regen+ MP+9 Str+4}
MR       +....     Rnd*Rage +   m - +1 pair of boots Stlth ..........Rnd*Tele +
                                Z - amulet "Guopp" {Gourm +Inv +Fly rPois Str+4}
HPRegen  0.00/turn              Q - ring of protection from cold
MPRegen  0.22/turn              K - +3 ring of slaying

@: about to teleport, flying
A: big wings, [berserk 2], [blurry vision 3], [clumsy 2], [deformed body], dopey
1[+1], [frail 3], [low mp 3], negative energy resistance 1, [screaming 2],
electricity resistance, [inhibited regeneration], [teleportitis 3], [weak 2],
unbreathing, petrification resistance, [no potion heal 3], rot immunity,
[subdued magic 2], [MP-powered wands], AC +15
}: 2/15 runes: decaying, serpentine
a: Stop Flying, Minor Destruction, Lesser Servant of Makhleb, Major Destruction,
Greater Servant of Makhleb, Renounce Religion, Evoke Invisibility


You were on level 3 of the Abyss.
You worshipped Makhleb.
Makhleb was exalted by your worship.
You were near starving.

You visited 6 branches of the dungeon, and saw 32 of its levels.
You visited the Abyss 2 times.
You also visited: Labyrinth and Ice Cave.

You collected 3114 gold pieces.
You spent 1040 gold pieces at shops.

Inventory:

Hand Weapons
 a - the +8 whip "Dialux" (weapon) {slash, Int+4}
   (You found it in a labyrinth)

   It inflicts extra damage upon your enemies.
   It affects your intelligence (+4).
 b - the +4 hand crossbow of Oshrischu {freeze, MP+9}
   (You found it in an ice cave)

   It causes projectiles fired from it to freeze those they strike, causing
   extra injury to most foes and up to half again as much damage against
   particularly susceptible opponents.
   They can also slow down cold-blooded creatures.
   It affects your magic capacity (+9).
 d - a +2 hunting sling of velocity
 v - a +4 morningstar of flaming
Missiles
 g - 190 sling bullets
 o - 69 tomahawks (quivered)
 H - 383 bolts
Armour
 c - a +5 shield (worn)
 l - a +2 helmet (worn)
 m - a +1 pair of boots (worn)
 x - the +1 pair of gloves of Regh (worn) {rPois Regen+ MP+9 Str+4}
   (You found it on level 3 of the Swamp)

   It affects your strength (+4).
   It protects you from poison.
   It affects your magic capacity (+9).
   It increases your rate of regeneration.
 L - the +7 plate armour "Hiran" (worn) {SInv}
   (You found it on level 6 of the Lair of Beasts)

   It lets you see invisible.
 N - a +2 cloak (worn)
 R - a +2 chain mail of magic resistance
Jewellery
 i - a +6 amulet of reflection
 t - an uncursed ring of fire
 z - a +5 ring of strength
 C - an uncursed ring of resist corrosion
 I - an uncursed ring of positive energy
 K - a +3 ring of slaying (right hand)
 Q - a ring of protection from cold (left hand)
 U - a +4 ring of intelligence
 Z - the amulet "Guopp" (around neck) {Gourm +Inv +Fly rPois Str+4}
   (You found it on level 10 of the Dungeon)

   [amulet of the gourmand]

   It allows you to eat raw meat even when not hungry.
   It affects your strength (+4).
   It protects you from poison.
   It lets you turn invisible.
   It lets you fly.
Wands
 e - a wand of polymorph (28)
 u - a wand of flame (2)
 M - a wand of disintegration (17)
 O - a wand of scattershot (5)
 P - a wand of clouds (24)
 S - a wand of iceblast (40)
 V - a wand of enslavement (13)
 W - a wand of acid (21)
Scrolls
 h - 7 scrolls of fear
 n - 13 scrolls of remove curse
 s - 3 scrolls of blinking
 y - a scroll of holy word
 E - 4 scrolls of amnesia
 T - 9 scrolls of fog
 X - 5 scrolls of magic mapping
 Y - 6 scrolls of teleportation
Potions
 j - a potion of resistance
 k - a potion of magic
 p - 9 potions of heal wounds
 q - 4 potions of might
 r - 4 potions of cancellation
 A - 13 potions of curing
 D - 3 potions of agility
 F - 2 potions of invisibility
 J - 5 potions of haste
Comestibles
 f - 45 rations


   Skills:
 * Level 21.3 Fighting
 - Level 12.0 Maces & Flails
 - Level 5.0 Crossbows
 + Level 12.5 Armour
 + Level 8.4 Dodging
 - Level 15.0 Shields
 + Level 16.6 Invocations
 + Level 4.6 Evocations


You had 19 spell levels left.
You didn't know any spells.

Dungeon Overview and Level Annotations

Branches:
Dungeon (15/15)            Temple (0/1) D:5            Lair (6/6) D:9
  Swamp (4/4) Lair:3        Snake (4/4) Lair:2        Slime (0/5) Lair:6
    Orc (2/2) D:9             Elf (0/3) Orc:2        Vaults (1/5) D:14
 Depths (0/5) D:15

Altars:
Ashenzari
Elyvilon
Hepliaklqana
Kikubaaqudgha
Makhleb
Qazlal
Sif Muna
Vehumet
Wu Jian
Xom
Yredelemnul
The Shining One
Jiyva

Shops:
D:9 ([   Orc:2 **(?   Snake:2 [   Snake:4 !*   Vaults:1 [

Annotations:
D:3 Sigmund
D:4 exclusion: upstairs
D:5 digging
D:6 exclusion: downstairs
D:13 exclusion: downstairs
D:14 exclusion: Roxanne, Roxanne


Innate Abilities, Weirdness & Mutations

You are resistant to torment.
Your stone body is resilient. (AC +15)
You are immune to poison.
Your large and strong wings let you fly indefinitely.
You resist negative energy. (rN+)
You are resistant to electric shocks. (rElec)
You can survive without breathing.
You are immune to petrification.
You are immune to rotting.
[You often lose your temper in combat.]
[Scrolls take you much longer to read.]
[You are very clumsy. (Dex -4)]
[Armour fits poorly on your strangely shaped body.]
[You are very dopey. (Int -4)]
[You are extremely frail. (-30% HP)]
[Your magical capacity is extremely low. (-30% MP)]
[You sometimes yell uncontrollably at your foes.]
[You do not regenerate when monsters are visible.]
[You are often teleported next to monsters.]
[You are very weak. (Str -4)]
[Potions cannot restore your health.]
[Your spells are easier to cast, but less powerful.]
[You expend magic power (3 MP) to strengthen your wands.]


Message History

What are your orders? t - Yell!
Orders for allies: a - Attack new target. r - Retreat! s - Stop attacking. g - Guard the area. f - Follow me.
Anything else - Cancel.
Okay, then.
The thrashing horror tramples you but does no damage.
You block the thrashing horror's attack.
The flayed ghost hits you but does no damage.
You hit the starcursed mass but do no damage.
You block the thrashing horror's attack. x2
The flayed ghost closely misses you.
You hit the starcursed mass.
The starcursed mass is heavily damaged.
You block the thrashing horror's attack.
The thrashing horror tramples you.
* * * LOW HITPOINT WARNING * * *
You hold your ground!
The starcursed mass engulfs you!
You die...

# ## ##
.#.#.##.###
.#...#X#.# #
#. ...##@##
.#
#....##XW#..
. #..
#X#[#..#
#### .
.XXG..#
#....
......#...≈
...Xx#
X#....#.#≈
#...#..#*###
#≈≈ #.
W..###.
.♣♣.#
###xh### ..
≈ #.


You could see 4 starcursed masses, a tentacled starspawn, a flayed ghost, a
thrashing horror, an eye of draining and a lurking horror.

Vanquished Creatures
  A bone dragon (Swamp:3)
  Kirke (D:12)
  A thorn hunter (Swamp:1)
  9 nagarajas
  A deep elf sorcerer (Vaults:1)
  Aizul (Snake:1)
  2 vault wardens (Vaults:1)
  2 very ugly things (IceCv)
  2 ironheart preservers (Vaults:1)
  2 deep elf demonologists (D:14)
  Azrael (D:13)
  5 dire elephants (Lair:6)
  2 fire dragons (Vaults:1)
  A minotaur (Lab)
  Josephine (Lair:5)
  Erolcha (Orc:2)
  3 yaktaur captains (Vaults:1)
  The ghost of wazuzu the Covert, a journeyman KoBe of Trog (Lair:1)
  7 hydras
  3 vault guards (Vaults:1)
  3 ice dragons (Vaults:1)
  2 catoblepae
  5 centaur warriors
  12 naga warriors
  9 anacondas
  A ghost crab (Swamp:4)
  Erica (D:11)
  13 two-headed ogres
  6 alligators
  3 ogre magi (Vaults:1)
  A tengu warrior (D:15)
  A deep troll earth mage (Vaults:1)
  5 shock serpents
  3 orc high priests (Orc:2)
  A thrashing horror (Abyss:3)
  11 naga sharpshooters
  3 deep elf knights
  A wretched star (Abyss:3)
  The ghost of Scuka the Carver, a novice BaFi (D:7)
  A salamander mystic (Snake:3)
  3 skeletal warriors (Vaults:1)
  A sea snake (shapeshifter) (Vaults:1)
  A death drake (Swamp:4)
  2 unseen horrors
  3 deep trolls (Vaults:1)
  3 swamp dragons
  A spriggan druid (Swamp:4)
  12 naga ritualists
  3 spectral hydras (Swamp:4)
  3 phantasmal warriors (Swamp:4)
  2 ironbrand convokers (Vaults:1)
  2 deep elf archers (Vaults:1)
  16 mana vipers
  2 shambling mangroves (Swamp:2)
  Pikel (D:7)
  4 harpies (Vaults:1)
  9 orc knights
  A harpy (shapeshifter) (D:14)
  A necromancer (D:15)
  6 orc sorcerers
  The ghost of Scuka the Carver, a novice BaFi of Cheibriados (D:5)
  2 wolf spider zombies
  15 ugly things
  A wolf spider (Vaults:1)
  2 manticores (D:15)
  7 deep elf magi
  9 salamanders
  4 cyclopes
  4 oklob plants (Lair:4)
  Joseph (D:8)
  20 elephants
  Maurice (D:13)
  3 guardian serpents
  A gargoyle (D:15)
  2 ice statues (IceCv)
  19 spiny frogs
  43 black mambas
  4 centaur skeletons
  2 vault sentinels (Vaults:1)
  Psyche (D:7)
  13 naga magi
  4 kobold demonologists (D:13)
  A golden dragon simulacrum (IceCv)
  8 yaktaurs (Vaults:1)
  3 swamp worm zombies (Swamp:4)
  2 rime drakes
  2 efreet
  7 komodo dragons
  A freezing wraith (D:13)
  An anaconda simulacrum (IceCv)
  4 red devils (D:15)
  A hydra zombie (Swamp:4)
  3 trolls
  A tengu conjurer (D:15)
  A troll (shapeshifter) (D:13)
  6 hornets
  5 tyrant leeches
  19 slime creatures
  A polar bear (Lair:4)
  10 hippogriffs
  5 dream sheep (Lair:4)
  An alligator zombie (Swamp:4)
  23 blink frogs
  2 spectral swamp dragons (Swamp:4)
  7 bog bodies
  4 shadows
  A spriggan (Swamp:2)
  6 wraiths
  2 dire elephant simulacra (IceCv)
  54 yaks
  A tarantella (shapeshifter) (D:14)
  A vampire (D:8)
  5 wyverns
  4 basilisks
  2 hungry ghosts
  22 vampire mosquitoes
  3 fire elementals (D:13)
  A golden eye (shapeshifter) (D:13)
  Menkaure (D:7)
  49 nagas
  An iron troll simulacrum (IceCv)
  23 swamp worms
  A soldier ant (D:11)
  14 insubstantial wisps
  4 wargs
  A hydra simulacrum (IceCv)
  12 water moccasins
  6 porcupines
  4 hell hounds (D:13)
  32 orc warriors
  6 phantoms
  6 swamp drakes
  8 ice beasts
  4 sky beasts
  2 slaves
  4 necrophages (D:11)
  A black bear (D:10)
  14 ogres
  6 swamp dragon zombies (Swamp:4)
  2 eyes of draining
  14 wolves
  6 centaurs
  13 crocodiles
  3 big kobolds
  10 bullfrogs
  A wyvern zombie (D:11)
  An earth elemental (Lab)
  A hornet simulacrum (D:15)
  2 wyvern skeletons
  5 scorpions
  13 killer bees
  9 wights (D:11)
  10 electric eels
  2 vampire bats (D:9)
  A troll skeleton (Lab)
  7 crimson imps
  5 centaur zombies
  3 bullfrog zombies
  2 quasits
  2 bullfrog skeletons
  9 hounds
  3 jellies
  22 orc priests
  Crazy Yiuf (D:4)
  22 orc wizards
  6 iguanas
  A spectral swamp drake (Swamp:4)
  13 worker ants
  2 killer bee zombies
  3 hound zombies
  2 mummies (D:11)
  A worker ant zombie (D:6)
  A howler monkey skeleton (D:5)
  9 gnolls
  2 swamp drake zombies (Swamp:4)
  11 adders
  4 shadow imps
  An ooze (D:2)
  2 adder zombies (D:8)
  An adder skeleton (D:5)
  13 worms
  5 dart slugs
  8 leopard geckos
  92 orcs
  4 bat skeletons (D:9)
  A bat zombie (D:9)
  2 giant cockroaches
  8 goblins
  6 hobgoblins
  14 jackals
  16 kobolds
  5 quokkas
  7 bats
  2 frilled lizards
  A leopard gecko skeleton (D:7)
  A quokka zombie (D:7)
  9 rats
  A butterfly (Lair:1)
1207 creatures vanquished.

Vanquished Creatures (collateral kills)
  Frances (D:14)
  An ironheart preserver (Vaults:1)
  A vault warden (Vaults:1)
  The ghost of Gorglomux the Nimble, a journeyman KoBe of Trog (Lair:4)
  A deep elf death mage (Vaults:1)
  5 alligators
  Nergalle (Lair:1)
  A deep elf knight (Vaults:1)
  An unseen horror (shapeshifter) (Vaults:1)
  A swamp dragon (Swamp:1)
  2 deep elf magi
  A vault sentinel (Vaults:1)
  4 ice statues
  2 spiny frogs (Swamp:1)
  An anaconda simulacrum (IceCv)
  3 slime creatures (Swamp:4)
  A tyrant leech (Swamp:4)
  A centaur simulacrum (D:15)
  A hippogriff (Lair:1)
  5 yaks (Lair:4)
  A tarantella (shapeshifter) (D:14)
  2 harpy simulacra (IceCv)
  A swamp worm (Lair:1)
  A crocodile (Lair:1)
  A bullfrog (Lair:4)
41 creatures vanquished.

Vanquished Creatures (others)
  A centaur warrior (D:13)
  A two-headed ogre (Vaults:1)
  3 naga sharpshooters (Snake:3)
  A spriggan druid (Swamp:3)
  A cyclops (Vaults:1)
  3 yaktaurs (Vaults:1)
  2 spriggans (Swamp:3)
  An orc wizard (Orc:2)
  2 briar patches (Swamp:1)
  9 fungi
  A lurking horror (Abyss:3)
  18 plants
  8 starspawn tentacles (Abyss:3)
51 creatures vanquished.

Grand Total: 1299 creatures vanquished

Notes
Turn   | Place    | Note
-------+----------+-------------------------------------------
     0 | D:1      | rabbitfr the Gargoyle Fighter began the quest for the Orb.
     0 | D:1      | Reached XP level 1. HP: 14/14 MP: 1/1
   153 | D:1      | Found a shattered altar of Ashenzari.
   209 | D:1      | Reached XP level 2. HP: 19/19 MP: 2/2
   304 | D:1      | Reached XP level 3. HP: 21/24 MP: 3/3
   701 | D:1      | Reached skill level 4 in Fighting
  1220 | D:2      | Reached XP level 4. HP: 26/29 MP: 4/4
  1742 | D:2      | Found a burning altar of Makhleb.
  1755 | D:2      | Reached XP level 5. HP: 28/34 MP: 5/5
  1866 | D:2      | Became a worshipper of Makhleb the Destroyer
  1972 | D:2      | Found a glowing golden altar of the Shining One.
  2012 | D:2      | Found a shimmering altar of Xom.
  2022 | D:2      | Found a hazy altar of Hepliaklqana.
  2030 | D:2      | Found a shattered altar of Ashenzari.
  2386 | D:3      | Found a white marble altar of Elyvilon.
  2427 | D:3      | Reached skill level 5 in Fighting
  2578 | D:3      | Reached XP level 6. HP: 39/40 MP: 6/6
  2709 | D:3      | Noticed Sigmund
  3189 | D:4      | Reached * piety under Makhleb
  3490 | D:4      | Reached skill level 6 in Fighting
  3561 | D:4      | Found a runed door.
  3969 | D:5      | Entered Level 5 of the Dungeon
  4101 | D:5      | Found a stormy altar of Qazlal.
  4112 | D:5      | Reached XP level 7. HP: 38/46 MP: 7/7
  4251 | D:5      | Noticed Scuka's ghost (novice BaFi)
  4323 | D:5      | Reached skill level 5 in Shields
  4467 | D:5      | Got a shimmering dagger
  4601 | D:5      | Found an ornate altar of the Wu Jian Council.
  4688 | D:5      | Found a basalt altar of Yredelemnul.
  4907 | D:5      | Found a staircase to the Ecumenical Temple.
  5155 | D:6      | Found a radiant altar of Vehumet.
  5438 | D:6      | Reached skill level 7 in Fighting
  5797 | D:6      | Reached XP level 8. HP: 34/53 MP: 8/8
  6483 | D:7      | Noticed Menkaure
  6605 | D:7      | Noticed Scuka's ghost (novice BaFi)
  6847 | D:7      | Reached skill level 8 in Fighting
  6847 | D:7      | Reached skill level 5 in Maces & Flails
  6954 | D:7      | Got a crystal falchion
  6957 | D:7      | Noticed Pikel
  7207 | D:7      | Killed Menkaure
  7944 | D:8      | Noticed Psyche
  8192 | D:7      | Reached skill level 9 in Fighting
  8295 | D:8      | Noticed a hippogriff
  8324 | D:8      | Killed a hippogriff
  8324 | D:8      | Reached XP level 9. HP: 42/61 MP: 9/9
  8327 | D:8      | Reached ** piety under Makhleb
  8484 | D:8      | Noticed a two-headed ogre
  8636 | D:7      | Killed Scuka's ghost
  8636 | D:7      | Reached skill level 10 in Fighting
  8885 | D:8      | Noticed a two-headed ogre
  8967 | D:8      | Identified the +9 dagger "Fowoid" {pierce, rElec rPois MR- Stlth-} (You found it on level 5 of the Dungeon)
  8968 | D:8      | Identified the cursed +2 falchion of the Beginning {drain, *Noise Str+5 Int+7} (You found it on level 7 of the Dungeon)
  8998 | D:8      | Noticed Joseph
  9063 | D:7      | Killed Pikel
  9117 | D:8      | Killed Joseph
  9117 | D:8      | Reached skill level 11 in Fighting
  9117 | D:8      | Reached XP level 10. HP: 69/69 MP: 10/10
  9423 | D:8      | Killed a two-headed ogre
  9550 | D:7      | Killed Psyche
  9693 | D:8      | Killed a two-headed ogre
  9693 | D:8      | Reached skill level 12 in Fighting
 10458 | D:9      | Noticed a two-headed ogre
 10868 | D:9      | Noticed a two-headed ogre
 10885 | D:9      | Killed a two-headed ogre
 11281 | D:9      | Reached XP level 11. HP: 55/76 MP: 11/11
 11616 | D:9      | Found Vaoz's Armour Shoppe.
 11653 | D:9      | Reached skill level 10 in Shields
 11701 | D:9      | Found a staircase to the Orcish Mines.
 11703 | D:9      | Found Ydan's Weapon Shoppe.
 11795 | D:9      | Found an ancient bone altar of Kikubaaqudgha.
 12015 | D:9      | Killed a two-headed ogre
 12278 | D:9      | Found a staircase to the Lair.
 12407 | D:9      | Reached *** piety under Makhleb
 12728 | D:9      | Bought a +5 great mace of draining for 464 gold pieces
 12746 | D:10     | Entered Level 10 of the Dungeon
 13376 | D:10     | Reached skill level 13 in Fighting
 13481 | D:10     | Reached skill level 1 in Invocations
 13991 | D:11     | Noticed a catoblepas
 13992 | D:11     | Noticed a centaur warrior
 14074 | D:11     | Noticed a red ugly thing
 14929 | Lair:1   | Entered Level 1 of the Lair of Beasts
 15553 | Lair:1   | Noticed wazuzu's ghost (journeyman KoBe)
 15989 | Lair:1   | Killed wazuzu's ghost
 15991 | Lair:1   | Reached XP level 12. HP: 84/84 MP: 15/15
 16184 | Lair:1   | Noticed Nergalle
 16530 | Lair:1   | Reached skill level 5 in Invocations
 16698 | Lair:1   | Reached skill level 14 in Fighting
 16793 | Lair:1   | Killed Nergalle
 17157 | D:9      | HP: 2/85 [swamp worm (11)]
 17821 | Lair:1   | Got a jewelled falchion
 18089 | Lair:2   | Found a staircase to the Snake Pit.
 19773 | Lair:3   | Found a staircase to the Swamp.
 19867 | Lair:2   | Reached skill level 10 in Maces & Flails
 20059 | Lair:3   | Identified the +5 falchion of Valiance {flame, +Inv rC- Str+5 Int+4} (You found it on level 1 of the Lair of Beasts)
 20221 | Lair:3   | Reached XP level 13. HP: 79/91 MP: 16/16
 20255 | Lair:3   | Reached **** piety under Makhleb
 20474 | Lair:3   | Reached skill level 15 in Fighting
 21806 | Lair:4   | Noticed Gorglomux's ghost (journeyman KoBe)
 21828 | Lair:4   | Killed Gorglomux's ghost
 24752 | Lair:6   | Entered Level 6 of the Lair of Beasts
 24766 | Lair:6   | Found a labyrinth entrance.
 24775 | Lab      | Entered a labyrinth
 25139 | Lab      | Reached skill level 16 in Fighting
 25212 | Lab      | Noticed a minotaur
 25221 | Lab      | Killed a minotaur
 25231 | Lab      | Got a dazzling whip
 25232 | Lab      | Identified the +8 whip "Dialux" {slash, Int+4} (You found it in a labyrinth)
 25327 | Lair:6   | Gained mutation: Your large and strong wings let you fly indefinitely. [Gargoyle growth]
 25327 | Lair:6   | Reached XP level 14. HP: 100/100 MP: 18/18
 25491 | D:10     | Got a brightly glowing zirconium amulet
 25506 | D:10     | Identified the amulet "Guopp" {Gourm +Inv +Fly rPois Str+4} (You found it on level 10 of the Dungeon)
 25920 | Lair:6   | Reached skill level 1 in Evocations
 25958 | Lair:6   | Reached ***** piety under Makhleb
 26132 | Lair:6   | Noticed a dire elephant
 26132 | Lair:6   | Noticed a dire elephant
 26154 | Lair:6   | Got a pitted plate armour
 26155 | Lair:6   | Identified the +7 plate armour "Hiran" {SInv} (You found it on level 6 of the Lair of Beasts)
 26184 | Lair:6   | Found a staircase to the Slime Pits.
 26195 | Lair:6   | Found a viscous altar of Jiyva.
 26208 | Lair:6   | Noticed Josephine
 26256 | Lair:5   | Killed Josephine
 26514 | Lair:6   | Noticed a dire elephant
 26514 | Lair:6   | Noticed a dire elephant
 26548 | Lair:6   | Killed a dire elephant
 26564 | Lair:6   | Killed a dire elephant
 26650 | Lair:6   | Noticed a dire elephant
 26671 | Lair:6   | Killed a dire elephant
 26681 | Lair:6   | Noticed a dire elephant
 26694 | Lair:6   | Killed a dire elephant
 26865 | Lair:6   | Reached skill level 5 in Armour
 26865 | Lair:6   | Reached skill level 15 in Shields
 27196 | Lair:6   | Killed a dire elephant
 28205 | Orc:1    | Entered Level 1 of the Orcish Mines
 28470 | Orc:2    | Entered Level 2 of the Orcish Mines
 28950 | Orc:2    | Found a staircase to the Elven Halls.
 29235 | Orc:2    | Reached skill level 17 in Fighting
 29438 | Orc:1    | Reached ****** piety under Makhleb
 29660 | Orc:2    | Noticed Erolcha
 29675 | Orc:2    | Paralysed by Erolcha for 6 turns
 29699 | Orc:2    | Killed Erolcha
 29993 | Orc:2    | Paralysed by an orc sorcerer for 3 turns
 30336 | Orc:2    | Reached XP level 15. HP: 103/107 MP: 21/21
 30637 | Orc:2    | Found Hamonn's Antique Weapon Emporium.
 30637 | Orc:2    | Found Xeuxtade's Magic Scroll Shop.
 30780 | Orc:2    | Found Nahivoes's Assorted Antiques.
 30780 | Orc:2    | Found Ludwixar's Assorted Antiques.
 30972 | Orc:2    | Found a staircase to the Elven Halls.
 31392 | Orc:2    | Bought a scroll of fear for 56 gold pieces
 31392 | Orc:2    | Bought a scroll of enchant armour for 120 gold pieces
 31392 | Orc:2    | Bought a scroll of silence for 120 gold pieces
 31392 | Orc:2    | Bought a scroll of fear for 56 gold pieces
 31396 | Orc:2    | Bought a potion of heal wounds for 140 gold pieces
 31396 | Orc:2    | Bought a scroll of teleportation for 84 gold pieces
 31656 | D:5      | Killed Scuka's ghost
 31694 | D:4      | Noticed Crazy Yiuf
 31698 | D:4      | Killed Crazy Yiuf
 31963 | D:11     | Reached skill level 1 in Dodging
 32243 | D:11     | Noticed Erica
 32254 | D:11     | Killed Erica
 32743 | D:12     | Noticed Kirke
 33020 | D:12     | Killed Kirke
 33681 | D:13     | Noticed Maurice
 33775 | D:13     | Killed Maurice
 33962 | D:13     | Noticed Azrael
 34024 | D:13     | Killed Azrael
 34302 | D:13     | Gained mutation: [You are dopey. (Int -2)] [a neqoxec]
 35205 | D:14     | Noticed Frances
 35489 | D:14     | Reached skill level 10 in Invocations
 35491 | D:14     | Noticed Roxanne
 36014 | D:14     | Found a gate to the Vaults.
 36148 | D:15     | Entered Level 15 of the Dungeon
 36274 | D:15     | Reached XP level 16. HP: 88/114 MP: 24/24
 37722 | D:15     | Found a staircase to the Depths.
 37992 | Swamp:1  | Entered Level 1 of the Swamp
 38429 | Swamp:1  | Noticed a thorn hunter
 38472 | Swamp:1  | Noticed an Executioner
 39002 | Swamp:1  | Killed a thorn hunter
 39551 | Swamp:2  | Reached skill level 18 in Fighting
 40325 | Swamp:3  | Got a pair of twisted gloves
 40336 | Swamp:3  | Identified the +1 pair of gloves of Regh {rPois Regen+ MP+9 Str+4} (You found it on level 3 of the Swamp)
 41014 | Swamp:4  | Entered Level 4 of the Swamp
 41475 | Swamp:4  | Reached XP level 17. HP: 120/120 MP: 27/27
 42347 | Swamp:4  | Noticed a bone dragon
 42454 | Swamp:3  | Killed a bone dragon
 42625 | Swamp:4  | Got a decaying rune of Zot
 42981 | Snake:1  | Entered Level 1 of the Snake Pit
 43094 | Snake:1  | Reached skill level 5 in Dodging
 43150 | Snake:1  | Reached skill level 15 in Invocations
 43157 | Snake:1  | Reached skill level 19 in Fighting
 43210 | Snake:1  | Found a frozen archway.
 43230 | IceCv    | Entered an ice cave
 43393 | IceCv    | Got a twisted hand crossbow
 43463 | IceCv    | Identified the +4 hand crossbow of Oshrischu {freeze, MP+9} (You found it in an ice cave)
 44059 | IceCv    | Got an emerald-studded chain mail
 44084 | IceCv    | Identified the +2 chain mail "Riecsarph" {MR- Str+9} (You found it in an ice cave)
 44181 | Snake:1  | Noticed Aizul
 44205 | Snake:1  | Killed Aizul
 44205 | Snake:1  | Reached skill level 10 in Armour
 44826 | Snake:2  | Found Zasmimau's Armour Emporium.
 45420 | Snake:2  | Reached XP level 18. HP: 128/128 MP: 29/29
 46548 | Snake:2  | Reached skill level 20 in Fighting
 47190 | Snake:4  | Entered Level 4 of the Snake Pit
 47401 | Snake:4  | Found a deep blue altar of Sif Muna.
 47415 | Snake:4  | Found Meerph's General Store.
 47420 | Snake:4  | Found Pel Meipt's Distillery.
 48503 | Snake:4  | Reached XP level 19. HP: 136/136 MP: 31/31
 48513 | Snake:4  | Got a serpentine rune of Zot
 48702 | Lair:1   | Reached skill level 5 in Crossbows
 48702 | Lair:1   | Reached XP level 20. HP: 142/142 MP: 32/32
 48931 | D:14     | Killed Frances
 49241 | Vaults:1 | Entered Level 1 of the Vaults
 50143 | Vaults:1 | Reached skill level 21 in Fighting
 50557 | Vaults:1 | Found Yvveq's Armour Boutique.
 50833 | Vaults:1 | Cast into level 3 of the Abyss (a deep elf sorcerer)
 50857 | Vaults:1 | Escaped the Abyss
 51016 | Vaults:1 | Cast into level 3 of the Abyss (a deep elf sorcerer)
 51355 | Abyss:3  | HP: 5/100 [starcursed mass/accursed screaming (7)]
 51359 | Abyss:3  | HP: 1/100 [thrashing horror (4)]
 51359 | Abyss:3  | Mangled by a starcursed mass

Skill      XL: |  1  2  3  4  5  6  7  8  9 10 11 12 13 14 15 16 17 18 19 20 |
---------------+-------------------------------------------------------------+-----
Fighting       | 4 5 6 7 9 11 12 13 14 16 17 18 19 20 21 | 21.3
Shields        | 4 5 7 8 9 11 12 14 15 | 15.0
Maces & Flails | 3 4 5 7 8 9 10 11 12 | 12.0
Armour         | 4 6 8 10 11 12 | 12.5
Invocations    | 4 5 6 8 11 14 15 16 | 16.6
Evocations     | 2 4 |  4.6
Dodging        | 3 4 6 7 8 |  8.4
Crossbows      | 5 |  5.0

Action                   |  1- 3 |  4- 6 |  7- 9 | 10-12 | 13-15 | 16-18 | 19-21 || total
-------------------------+-------+-------+-------+-------+-------+-------+-------++-------
Melee: Flail             |   134 |   260 |   371 |    22 |       |       |       ||   787
       Whip              |       |       |    13 |  1739 |  1984 |  2645 |   574 ||  6955
       Falchion          |       |       |     9 |       |       |       |       ||     9
       Morningstar       |       |       |       |       |   115 |       |       ||   115
 Fire: Hunting sling     |       |       |       |     8 |    35 |       |       ||    43
       Hand crossbow     |       |       |       |       |       |    11 |    19 ||    30
Throw: Tomahawk          |       |       |    47 |    22 |     3 |       |     6 ||    78
Invok: Lesser Servant of |       |       |       |    16 |     7 |     2 |     3 ||    28
       Greater Servant o |       |       |       |       |       |    12 |     4 ||    16
 Abil: Fly               |       |       |       |       |     1 |       |       ||     1
       Evoke Invisibilit |       |       |       |       |       |       |     1 ||     1
Evoke: Wand              |       |       |       |     1 |    30 |     7 |       ||    38
       Phantom mirror    |       |       |       |       |       |       |     1 ||     1
  Use: Scroll            |       |     3 |    12 |     9 |    21 |    15 |    10 ||    70
       Potion            |       |       |     1 |     1 |       |     1 |     2 ||     5
 Stab: Paralysed         |       |       |       |       |     3 |       |       ||     3
  Eat: Chunk             |     1 |     8 |    13 |    30 |    66 |    14 |     6 ||   138
       Ration            |       |       |     2 |     2 |     1 |     5 |     1 ||    11
Armor: Scale mail        |    71 |   122 |   195 |       |       |       |       ||   388
       Ring mail         |       |       |    19 |    88 |       |       |       ||   107
       Chain mail        |       |       |       |   539 |   285 |       |       ||   824
       Plate armour      |       |       |       |       |   391 |   810 |   320 ||  1521
Dodge: Dodged            |    49 |   102 |    95 |   311 |   329 |   436 |   197 ||  1519
Block: Shield            |    73 |   144 |   227 |  1083 |  1259 |  2401 |   807 ||  5994
       Reflection        |       |       |       |       |       |   149 |    42 ||   191
       Rpst.: Falchion   |       |       |     1 |       |       |       |       ||     1
